 Dungeon Crawl Stone Soup version 0.19.0-18-g426998a (console) character file.

46 OvidiusNaso the Conjurer (level 3, -3/26 HPs)
             Began as a Human Conjurer on Nov 11, 2016.
             Slain by Ijyb
             ... wielding a +0 dagger of electrocution
              (4 damage)
             ... on level 1 of the Dungeon.
             The game lasted 00:10:18 (1170 turns).

OvidiusNaso the Conjurer (Human Conjurer)           Turns: 1170, Time: 00:10:18

Health: -3/26      AC:  2    Str:  8    XL:     3   Next: 95%
Magic:  2/6        EV: 13    Int: 15    God:
Gold:   51         SH:  2    Dex: 14    Spells: 1 memorised, 6 levels left

rFire  . . .     SeeInvis .     d - +0 mace
rCold  . . .     Gourm    .     a - +0 robe
rNeg   . . .     Faith    .     (no shield)
rPois  .         Spirit   .     (no helmet)
rElec  .         Reflect  +     (no cloak)
rCorr  .         Harm     .     (no gloves)
MR     .....                    (no boots)
Stlth  ++........               g - +2 amulet of reflection
                                (no ring)
                                (no ring)

@: no status effects
A: no striking features
a: no special abilities


You were on level 1 of the Dungeon.
You were near starving.

You visited 1 branch of the dungeon, and saw 2 of its levels.

You collected 51 gold pieces.

Inventory:

Hand Weapons
 d - a +0 mace (weapon)
 k - a +0 hunting sling
Missiles
 h - 23 sling bullets
 p - 7 needles of sleeping
Armour
 a - a +0 robe (worn)
 l - a +0 robe
Jewellery
 g - a +2 amulet of reflection (around neck)
Wands
 r - a wand of flame (8/48)
Scrolls
 f - 2 scrolls of identify {unknown}
 i - a scroll of immolation {unknown}
 m - a scroll of magic mapping {unknown}
 q - a scroll of teleportation {unknown}
 t - a scroll of enchant weapon {unknown}
Potions
 e - a potion of lignification {unknown}
 j - a potion of agility {unknown}
 n - a potion of invisibility {unknown}
 o - a potion of flight {unknown}
 s - a potion of cancellation {unknown}
Books
 b - a book of Conjurations

   Spells                             Type                      Level
   a - Magic Dart                     Conjuration                  1
   b - Searing Ray                    Conjuration                  2
   c - Dazzling Spray                 Conjuration/Hexes            3
   d - Fulminant Prism                Conjuration/Hexes            4
   e - Iskenderun's Mystic Blast      Conjuration                  4
   f - Iskenderun's Battlesphere      Conjuration/Charms           5
Comestibles
 c - 2 bread rations


   Skills:
 + Level 1.1 Fighting
 + Level 2.3 Dodging
 - Level 2.0 Stealth
 * Level 2.6 Spellcasting
 * Level 4.4 Conjurations


You had 6 spell levels left.
You knew the following spells:

 Your Spells              Type           Power        Failure   Level  Hunger
a - Magic Dart            Conj           ###.         3%          1    #......


Dungeon Overview and Level Annotations

Branches:
Dungeon (2/15)

Altars:

Annotations:
D:1 Ijyb
D:2 Natasha


Message History

Casting: Magic Dart
Confirm with . or Enter, or press ? or * to list all spells.
Aiming: Magic Dart
Press: ? - help, Shift-Dir - straight line, f/p - Ijyb
Aim: Ijyb, wielding a dagger of electrocution (moderately wounded)
The magic dart hits Ijyb.
Ijyb is moderately wounded.
Ijyb hits you with a dagger of electrocution.
You are electrocuted!
Ouch! That really hurt!
* * * LOW HITPOINT WARNING * * *
Casting: Magic Dart
Confirm with . or Enter, or press ? or * to list all spells.
Aiming: Magic Dart
Press: ? - help, Shift-Dir - straight line, f/p - Ijyb
Aim: Ijyb, wielding a dagger of electrocution (moderately wounded)
The magic dart hits Ijyb.
Ijyb is moderately wounded.
Ijyb hits you with a dagger of electrocution.
You die...

#.......# #..#
####.#####.#### #..#
#....#####....#####..##
#.......##.............
#....##.##....#####.#.#
#####.#.......#.##
#.... #...............#
#.... #.#######.#######
#.#.# #.# #.# ###.#.#
#.# #.# ...... #.# #@#
##.#.. #.# #g# #....
#.# #.# ###..
#.#######.# #..
#........># #..
####.###### #.#
####.#### #.#
#.......###### #.#
#.##.##......##### #.#
#.##.........#...# #.#
#.#####..........# #.#


You could see Ijyb.

Vanquished Creatures
  Robin (D:2)
  A worm (D:2)
  2 dart slugs (D:1)
  A leopard gecko (D:1)
  3 bats
  4 goblins
  4 hobgoblins
  4 jackals (D:1)
  A frilled lizard (D:1)
  A kobold (D:1)
  5 rats
27 creatures vanquished.

Notes
Turn   | Place    | Note
-------+----------+-------------------------------------------
     0 | D:1      | OvidiusNaso the Human Conjurer began the quest for the Orb.
     0 | D:1      | Reached XP level 1. HP: 13/13 MP: 3/3
   105 | D:1      | Reached XP level 2. HP: 19/19 MP: 0/5
   235 | D:1      | Reached XP level 3. HP: 16/25 MP: 1/6
   704 | D:2      | Noticed Robin
   772 | D:2      | Noticed Natasha
   837 | D:2      | Killed Robin
   837 | D:2      | Reached skill level 1 in Fighting
  1012 | D:2      | Noticed Ijyb
  1169 | D:1      | HP: 1/26 [Ijyb/dagger of electrocution (14)]
  1170 | D:1      | Slain by Ijyb

Skill      XL: |  1  2  3 |
---------------+----------+-----
Fighting       | 1 |  1.1
Dodging        | |  2.3
Stealth        | |  2.0
Spellcasting   | |  2.6
Conjurations   | |  4.4

Action                   || total
-------------------------++-------
Melee: Mace              ||    29
 Cast: Magic Dart        ||    63
 Stab: Sleeping          ||     1
Armor: Robe              ||     6
Dodge: Dodged            ||    32
Block: Other             ||     4
